 Dungeon Crawl Stone Soup version 0.19-a0-965-g50bf062 (webtiles) character file.

36 gallo the Covered (level 3, -1/31 HPs)
             Began as a Minotaur Fighter on July 12, 2016.
             Killed from afar by Natasha (3 damage)
             ... with a magic dart
             ... on level 2 of the Dungeon.
             The game lasted 00:04:12 (762 turns).

gallo the Covered (Minotaur Fighter)                 Turns: 762, Time: 00:04:13

Health: -1/31      AC:  9    Str: 21    XL:     3   Next: 19%
Magic:  2/2        EV:  5    Int:  5    God:
Gold:   72         SH:  9    Dex:  9    Spells: 0 memorised, 2 levels left

rFire  . . .     SeeInvis .     a - +0 trident
rCold  . . .     Gourm    .     r - +0 chain mail
rNeg   . . .     Faith    .     c - +0 shield
rPois  .         Spirit   .     (helmet restricted)
rElec  .         Dismiss  .     (no cloak)
rCorr  .         Reflect  .     (no gloves)
SustAt .         Harm     .     (no boots)
MR     .....     Rnd*Tele +     l - amulet of magic regeneration (curse)
Stlth  ..........               (no ring)
                                g - ring of teleportation (curse)

@: not resistant to hostile enchantments, extremely unstealthy
A: retaliatory headbutt, horns 2
a: no special abilities


You were on level 2 of the Dungeon.
You were not hungry.

You visited 1 branch of the dungeon, and saw 2 of its levels.

You collected 72 gold pieces.

Inventory:

Hand Weapons
 a - a +0 trident (weapon)
Missiles
 j - 9 poisoned needles
Armour
 b - a +0 scale mail
 c - a +0 shield (worn)
 r - a +0 chain mail (worn)
Jewellery
 g - a cursed ring of teleportation (left hand)
 h - an uncursed amulet of magic regeneration
 l - a cursed amulet of magic regeneration (around neck)
Scrolls
 e - 3 scrolls of identify {unknown}
 m - a scroll of teleportation {unknown}
 o - a scroll of magic mapping {unknown}
 p - a scroll of recharging {unknown}
 s - a scroll of enchant armour {unknown}
Potions
 d - a potion of might
 n - 2 potions of brilliance {unknown}
 q - a potion of degeneration {unknown}
Comestibles
 f - 2 bread rations
 i - 3 chunks of flesh
 k - a royal jelly


   Skills:
 - Level 3.6 Fighting
 * Level 3.1 Polearms
 + Level 4.3 Armour
 + Level 0.7 Dodging
 + Level 4.1 Shields


You had 2 spell levels left.
You didn't know any spells.

Dungeon Overview and Level Annotations

Branches:
Dungeon (2/15)

Altars:

Annotations:
D:2 Natasha


Innate Abilities, Weirdness & Mutations

You reflexively headbutt those who attack you in melee.
You have a pair of horns on your head.


Message History

Natasha claws you.
* * * LOW HITPOINT WARNING * * *
The crimson imp barely misses you. The iron imp hits you.
* * * LOW HITPOINT WARNING * * *
Natasha casts a spell at you. The magic dart hits you!
The crimson imp barely misses you.
You miss Natasha. You headbutt Natasha.
Natasha is moderately wounded.
You block the iron imp's attack. Natasha claws you but does no damage.
The crimson imp hits you.
* * * LOW HITPOINT WARNING * * *
You miss Natasha.
Natasha is moderately wounded.
You block the iron imp's attack. You block Natasha's attack.
The crimson imp barely misses you.
You closely miss Natasha. You headbutt Natasha.
Natasha is severely wounded.
Natasha casts a spell at you. The magic dart hits you!
You die...

# .### ... #.. #5#
#h# ####@#
#.##..55####
.#..........#
#...#.##..#.#
...#.##..#>########
.................#
#.#.#.#...#.######.#
#...........#
..#.........#


You could see an iron imp, Natasha, a crimson imp and a white imp.

Vanquished Creatures
  Terence (D:2)
  A giant gecko (D:1)
  2 giant cockroaches (D:1)
  2 goblins (D:1)
  A ball python (D:2)
  2 bats (D:1)
  3 kobolds
  A rat (D:1)
13 creatures vanquished.

Notes
Turn   | Place    | Note
-------+----------+-------------------------------------------
     0 | D:1      | gallo the Minotaur Fighter began the quest for the Orb.
     0 | D:1      | Reached XP level 1. HP: 19/19 MP: 0/0
   415 | D:1      | Reached XP level 2. HP: 26/26 MP: 1/1
   709 | D:2      | Noticed Terence
   721 | D:2      | Killed Terence
   721 | D:2      | Reached XP level 3. HP: 28/31 MP: 2/2
   748 | D:2      | Noticed Natasha
   760 | D:2      | HP: 1/31 [crimson imp[Natasha] (3)]
   762 | D:2      | Killed from afar by Natasha

Vault maps used:
D:1:      onia_arrival_mini_maze_b
D:2:      grunt_pakellas_salt, minmay_heptomino_d4, uniq_natasha, uniq_sigmund,
          uniq_terence

Skill      XL: |  1  2 |
---------------+-------+-----
Polearms       | 3 |  3.1
Armour         | 4 |  4.3
Shields        | 4 |  4.1
Fighting       | |  3.6
Dodging        | |  0.7

Action                   || total
-------------------------++-------
Melee: Trident           ||    53
       Headbutt          ||     9
Armor: Scale mail        ||     6
       Chain mail        ||     6
Dodge: Dodged            ||    13
Block: Shield            ||    23
